 Dungeon Sprint DCSS version 0.29-a0-925-g0a7a3d12f8 (webtiles) character file.

Game seed: 8816881269643645056

184 Hipnos the Slasher (level 5, -2/47 (49) HPs)
             Began as a Gnoll Chaos Knight on July 29, 2022.
             Was a Plaything of Xom.
             Slain by a necrophage (7 damage)
             ... in the Dungeon (Sprint II: "The Violet Keep of Menkaure").
             The game lasted 00:00:31 (138 turns).

Hipnos the Slasher (Gnoll Chaos Knight)              Turns: 138, Time: 00:00:32

HP:   -2/47 (49)    AC:  5    Str: 11    XL:     5   Next: 63%
MP:   3/10          EV: 12    Int: 14    God:    Xom [..*...]
Gold: 0             SH:  0    Dex: 11    Spells: 11/11 levels left

rFire   . . .      SeeInvis .   a - +0 falchion (chaos)
rCold   . . .      Faith    .   (no shield)
rNeg    . . .      Spirit   .   b - +2 leather armour
rPois   .          Reflect  .   (no helmet)
rElec   .          Harm     .   (no cloak)
rCorr   .          Rampage  .   (no gloves)
Will    .....      NoTele   +   (no boots)
Stlth   ++........              (no amulet)
HPRegen 0.15/turn               (no ring)
MPRegen 0.12/turn               (no ring)

@: on berserk cooldown, slowed, lightly drained, very slow
A: fangs 1, strong nose, distributed training
a: Renounce Religion


You were in the Dungeon.
You worshipped Xom.
You were a toy of Xom.
You visited 1 branch

Inventory:

Hand Weapons
 a - a +0 falchion of chaos (weapon)
Armour
 b - a +2 leather armour (worn)
Scrolls
 i - a scroll of blinking
Potions
 d - a potion of curing
 e - a potion of heal wounds
 f - a potion of haste
 g - 2 potions of magic
Miscellaneous
 c - a piece from Xom's chessboard (15/15) (quivered)


   Skills:
 + Level 7.7 Fighting
 + Level 3.9 Short Blades
 + Level 7.7 Long Blades
 + Level 3.9 Axes
 + Level 3.9 Maces & Flails
 + Level 3.9 Polearms
 + Level 3.9 Staves
 + Level 3.9 Ranged Weapons
 + Level 3.9 Throwing
 + Level 6.1 Armour
 + Level 4.7 Dodging
 + Level 3.9 Stealth
 + Level 3.9 Shields
 + Level 3.9 Unarmed Combat
 + Level 3.9 Spellcasting
 + Level 3.2 Conjurations
 + Level 3.2 Hexes
 + Level 3.2 Summonings
 + Level 3.2 Necromancy
 + Level 3.2 Translocations
 + Level 3.2 Transmutations
 + Level 3.2 Fire Magic
 + Level 3.2 Ice Magic
 + Level 3.2 Air Magic
 + Level 3.2 Earth Magic
 + Level 3.2 Poison Magic
 + Level 4.3 Invocations
 + Level 3.9 Evocations


You had 11 spell levels left.
You didn't know any spells.
Your spell library was empty.

Dungeon Overview and Level Annotations

Branches:
Dungeon (1/1)

Altars:


Innate Abilities, Weirdness & Mutations

You have very sharp teeth.
Your uncanny sense of smell can sniff out nearby items.
Your experience applies equally to all skills.


Message History

Your Invocations skill increases to level 4!
Unknown command.
Unknown command.
You hit the necrophage but do no damage.
The necrophage is lightly damaged.
The necrophage hits you. x2
* * * LOW HITPOINT WARNING * * *
You closely miss the necrophage.
You bite the necrophage, but do no damage.
The necrophage is lightly damaged.
The necrophage hits you.
* * * LOW HITPOINT WARNING * * *
You feel drained.
You hit the necrophage.
The necrophage is lightly damaged.
The necrophage hits you but does no damage. x2
You hit the necrophage.
The necrophage convulses.
Your bite misses the necrophage.
The necrophage is moderately damaged.
The necrophage closely misses you.
You hit the necrophage but do no damage.
You punch the necrophage.
The necrophage is moderately damaged.
The necrophage hits you.
* * * LOW HITPOINT WARNING * * *
The necrophage closely misses you.
You hit the necrophage.
The necrophage is moderately damaged.
The necrophage hits you.
* * * LOW HITPOINT WARNING * * *
You hit the necrophage but do no damage.
The necrophage is moderately damaged.
The necrophage completely misses you.
You hit the necrophage. You burn the necrophage. You bite the necrophage.
The necrophage is heavily damaged.
The necrophage hits you.
* * * LOW HITPOINT WARNING * * *
You feel drained. The necrophage hits you!
You die...
Xom laughs nastily!

∆ ## ##
##.∆.##
.. .. #
.#. ##.
#n#
#..B##@##
#+.<.+∆
#..B##.##
##. #+# #
∆ ∆


You could see a necrophage.

Vanquished Creatures
  2 necrophages (D)
2 creatures vanquished.

Notes
Turn   | Place    | Note
-------+----------+-------------------------------------------
     0 | D        | Hipnos the Gnoll Chaos Knight began the quest for the Orb.
     0 | D        | Reached XP level 1. HP: 23/23 MP: 1/1
   103 | D        | Noticed a boulder beetle
   103 | D        | Noticed a boulder beetle
   106 | D        | Noticed a necrophage
   106 | D        | Noticed a necrophage
   106 | D        | Noticed a necrophage
   106 | D        | Noticed a necrophage
   117 | D        | XOM: confuse monster(s)
   119 | D        | Killed a necrophage
   120 | D        | Reached skill level 5 in Armour
   120 | D        | Reached XP level 2. HP: 23/31 MP: 1/5
   120 | D        | Reached XP level 3. HP: 27/36 MP: 1/6
   120 | D        | Reached XP level 4. HP: 33/43 MP: 1/7
   127 | D        | Killed a necrophage
   128 | D        | Reached XP level 5. HP: 22/48 MP: 2/9
   138 | D        | Slain by a necrophage

Illustrated notes

Levels and vault maps discovered:
D:        the_violet_keep_of_menkaure [sprint2_stairs_cluster_1,
          sprint2_shoproom, sprint2_temple, sprint2_basic_supplies,
          sprint2_obstacle_5, sprint2_obstacle_4, sprint2_obstacle_7,
          sprint2_obstacle_6, sprint2_obstacle_1, sprint2_timed_cluster_1,
          sprint2_smallroom_cluster_1, sprint2_smallroom_final_cluster_1,
          sprint2_transparent_cluster_1, sprint2_second_timed_cluster_1,
          sprint2_sniper_area_1, sprint2_heavy_combat_area_1,
          sprint2_mutation_trap_area_1, sprint2_forest_area_1,
          sprint2_light_combat_area_1, sprint2_behind_water_1,
          sprint2_near_end_vault_1]

Skill      XL: |  1  2  3  4  5 |
---------------+----------------+-----
Fighting       | 7 |  7.7
Short Blades   | 2 3 |  3.9
Long Blades    | 7 |  7.7
Axes           | 2 3 |  3.9
Maces & Flails | 2 3 |  3.9
Polearms       | 2 3 |  3.9
Staves         | 2 3 |  3.9
Ranged Weapons | 2 3 |  3.9
Throwing       | 2 3 |  3.9
Armour         | 5 6 |  6.1
Dodging        | 3 4 |  4.7
Stealth        | 2 3 |  3.9
Shields        | 2 3 |  3.9
Unarmed Combat | 2 3 |  3.9
Spellcasting   | 2 3 |  3.9
Conjurations   | 2 3 |  3.2
Hexes          | 2 3 |  3.2
Summonings     | 2 3 |  3.2
Necromancy     | 2 3 |  3.2
Translocations | 2 3 |  3.2
Transmutations | 2 3 |  3.2
Fire Magic     | 2 3 |  3.2
Ice Magic      | 2 3 |  3.2
Air Magic      | 2 3 |  3.2
Earth Magic    | 2 3 |  3.2
Poison Magic   | 2 3 |  3.2
Invocations    | 2 3 4 |  4.3
Evocations     | 2 3 |  3.9

Action                   |  1- 3 |  4- 6 || total
-------------------------+-------+-------++-------
Melee: Falchion          |    12 |    18 ||    30
       Bite              |       |     3 ||     3
       Punch             |       |     1 ||     1
  Use: Potion            |     1 |       ||     1
Armor: Leather armour    |       |     5 ||     5
Dodge: Dodged            |     5 |    10 ||    15

Table legend: (Time is in decaauts)
 A = Elapsed time spent in this place.
 B = Non-inter-level travel time spent in this place.
 C = Inter-level travel time spent in this place.
 D = Time resting spent in this place.
 E = Time spent auto-exploring this place.
 F = Levels seen in this place.
 G = Mean time per level.
                   A        B        C        D        E       F      G
               +--------+--------+--------+--------+--------+-----+--------+
         Total |    140 |    140 |      0 |    100 |      0 |   1 |  140.0 |
       Dungeon |    140 |    140 |      0 |    100 |      0 |   1 |  140.0 |
               +--------+--------+--------+--------+--------+-----+--------+

Top non-repeatable levels by time:
       D: 140 daAuts
